 Dungeon Crawl Stone Soup version 0.15-a0-155-g2613b33 (webtiles) character file.

1349 Grangar the Covered (level 8, -3/67 HPs)
             Began as a Minotaur Fighter on Apr 16, 2014.
             Splashed by a jelly's acid (8 damage)
             ... on Level 5 of the Dungeon.
             The game lasted 00:08:22 (4556 turns).

Grangar the Covered (Minotaur Fighter)              Turns: 4556, Time: 00:08:23

HP  -3/67        AC  8     Str 21      XL: 8   Next:  6%
MP   3/3         EV  9     Int  5      God:
Gold 285         SH 20     Dex 12      Spells:  0 memorised,  7 levels left

rFire  + . .     SeeInvis .     a - +0,-4 long sword
rCold  . . .     Clarity  .     l - +1 ring mail {rF+}
rNeg   . . .     Conserve .     c - +0 shield
rPois  .         rCorr    .     (helmet restricted)
rElec  .         rRot     .     (no cloak)
SustAb . .       Spirit   .     d - +0 pair of gloves
rMut   .         Warding  .     (no boots)
Saprov . . .     Stasis   .     (no amulet)
MR     .....                    (no ring)
                                (no ring)

@: not resistant to hostile enchantments, very unstealthy
A: retaliatory headbutt, horns 2
a: no special abilities


You were on level 5 of the Dungeon.
You were not hungry.

You visited 1 branch of the dungeon, and saw 6 of its levels.

You collected 285 gold pieces.

Inventory:

Hand weapons
 a - a +0,-4 long sword (weapon)
Armour
 c - a +0 shield (worn)
 d - a +0 pair of gloves (worn)
 l - a +1 ring mail of fire resistance (worn)
Comestibles
 p - 2 meat rations
 u - a bread ration
Scrolls
 b - 2 scrolls of amnesia {unknown}
 f - a scroll of random uselessness {unknown}
 i - 5 scrolls of identify {unknown}
 j - 3 scrolls of remove curse {unknown}
 k - 2 scrolls of enchant weapon II {unknown}
 m - a scroll of enchant weapon I {unknown}
 n - 2 scrolls of blinking {unknown}
 q - a scroll of immolation {unknown}
Jewellery
 o - an uncursed ring of sustain abilities {unknown}
 r - an uncursed amulet of inaccuracy {unknown}
Potions
 e - 2 potions of might
 g - 2 potions of heal wounds {unknown}
 h - 2 potions of restore abilities {unknown}
 s - 2 potions of curing {unknown}
 t - 2 potions of invisibility {unknown}


   Skills:
 + Level 4.8 Fighting
 * Level 6.1 Long Blades
 * Level 6.6 Armour
 * Level 5.0 Dodging
 + Level 1.2 Stealth
 + Level 5.3 Shields


You had 7 spell levels left.
You didn't know any spells.

Dungeon Overview and Level Annotations

Branches:
Dungeon (6/15)
 Temple: D:4-7

Altars:
Fedhas
Trog

Annotations:
D:6 Pikel


Innate Abilities, Weirdness & Mutations

You reflexively headbutt those who attack you in melee.
You have a pair of horns on your head.


Message History

You slash the jelly!
The acid corrodes your +0,-1 long sword!
You headbutt the jelly!
The jelly is heavily wounded.
The jelly hits you but does no damage.
You hit the jelly.
The acid corrodes your +0,-2 long sword!
You headbutt the jelly, but do no damage.
The jelly is severely wounded.
The jelly hits you but does no damage.
You hit the jelly.
The jelly is severely wounded.
You block the jelly's attack.
You hit the jelly.
The acid corrodes your +0,-3 long sword!
The jelly is almost dead.
The jelly hits you.
* * * LOW HITPOINT WARNING * * *
You are splashed with acid!
The acid burns!
You die...

#..# #..# #..#
####### ######..#
......# #.......#
.##...# #.##..).#
......# #.##....#
......######.#.....#
..<.............@..#
#.#....#####.#>.#J.##
#.'..........#......#
###...##.....#..#...#
.%..#.#......#......#
###.#.#..##..#.###..#
# #.#.....#....###..#
# #.#######.#.......#
# #.................#


You could see a jelly.

Vanquished Creatures
  Grinder (D:3)
  Eustachio (D:6)
  A sky beast (D:5)
  A centaur (D:6)
  An ogre (D:4)
  A scorpion (D:6)
  2 crimson imps
  A quasit (D:6)
  A giant frog zombie (D:5)
  A hound (D:5)
  An iron imp (D:6)
  A jelly (D:5)
  3 worker ants
  Natasha (D:3)
  Ijyb (D:2)
  Terence (D:2)
  4 adders
  An inept feature mimic (D:4)
  A shadow imp (D:5)
  An ufetubus (D:6)
  4 giant geckos
  An ooze (D:1)
  3 orcs
  10 bats
  4 giant cockroaches
  10 hobgoblins
  8 jackals
  5 quokkas
  A ball python (D:1)
  4 giant newts
  3 goblins
  9 kobolds
  8 rats
  A rat skeleton (D:4)
97 creatures vanquished.

Notes
Turn   | Place    | Note
--------------------------------------------------------------
     0 | D:1      | Grangar, the Minotaur Fighter, began the quest for the Orb.
     0 | D:1      | Reached XP level 1. HP: 19/19 MP: 1/1
   426 | D:1      | Reached XP level 2. HP: 27/27 MP: 1/1
   852 | D:2      | Reached skill level 4 in Shields
   882 | D:2      | Noticed Ijyb
   888 | D:2      | Killed Ijyb
   888 | D:2      | Reached XP level 3. HP: 30/33 MP: 2/2
   989 | D:2      | Reached skill level 1 in Dodging
  1063 | D:2      | Noticed Terence
  1073 | D:2      | Killed Terence
  1073 | D:2      | Reached XP level 4. HP: 35/40 MP: 2/2
  1455 | D:3      | Noticed Natasha
  1456 | D:3      | Found a bloodstained altar of Trog.
  1463 | D:3      | Killed Natasha
  1616 | D:3      | Noticed Grinder
  1635 | D:3      | Killed Grinder
  1635 | D:3      | Reached skill level 5 in Armour
  1635 | D:3      | Reached XP level 5. HP: 16/46 MP: 2/2
  1635 | D:3      | Reached XP level 6. HP: 18/52 MP: 3/3
  2533 | D:4      | Found a blossoming altar of Fedhas.
  2760 | D:4      | Reached skill level 6 in Armour
  2760 | D:4      | Reached skill level 5 in Shields
  3247 | D:5      | Entered Level 5 of the Dungeon
  3267 | D:5      | Reached XP level 7. HP: 60/60 MP: 3/3
  3428 | D:5      | Reached skill level 1 in Stealth
  3726 | D:5      | Reached skill level 5 in Long Blades
  4029 | D:6      | Noticed Eustachio
  4091 | D:6      | Killed Eustachio
  4212 | D:6      | Noticed Pikel
  4245 | D:6      | HP: 2/60 [centaur/arrow (9)]
  4522 | D:6      | Reached skill level 5 in Dodging
  4522 | D:6      | Reached XP level 8. HP: 56/67 MP: 3/3
  4556 | D:5      | Splashed by a jelly's acid

Action                   |  1- 3 |  4- 6 |  7- 9 || total
-------------------------+-------+-------+-------++-------
Melee: Long sword        |    68 |   106 |   132 ||   306
